 Dungeon Crawl Stone Soup version 0.25-a0-425-g0e000e855e (webtiles) character file.

Game seed: 15828531040986626261, levelgen mode: deterministic

3881 Nattfarinn the Jinx (level 10, -18/50 HPs)
             Began as a Vampire Enchanter on Jan 24, 2020.
             Was an Initiate of Gozag.
             Killed from afar by a gargoyle (22 damage)
             ... with a stone arrow
             ... on level 9 of the Dungeon.
             The game lasted 00:25:22 (9438 turns).

Nattfarinn the Jinx (Vampire Enchanter)             Turns: 9438, Time: 00:25:27

Health: -18/50     AC:  8    Str: 16    XL:     10   Next: 0%
Magic:  3/15       EV: 17    Int: 31    God:    Gozag
Gold:   933        SH:  0    Dex: 15    Spells: 7/16 levels left

rFire    . . .     SeeInvis +   a - +1 dagger
rCold    + + .     Gourm    .   (no shield)
rNeg     + + +     Faith    .   C - +0 robe of the Butterfly {Str+4 Int+2 Stlth+}
rPois    ∞         Spirit   .   z - +2 hat
rElec    +         Reflect  .   (no cloak)
rCorr    .         Harm     .   v - +2 pair of gloves
MR       +....                  g - +0 pair of boots
Stlth    ++++++++..             (no amulet)
HPRegen  0.00/turn              A - ring of Ovvuomaotz {*Contam rElec rN+ Int+4 Stlth+}
MPRegen  0.14/turn              t - +4 ring of intelligence

@: mighty, confusing touch, gold aura, bloodless
A: no food, fangs 3, see invisible, unbreathing
a: Bat Form, Revivify, Potion Petition, Call Merchant, Bribe Branch, Renounce
Religion


You were on level 9 of the Dungeon.
You worshipped Gozag.
Gozag was pleased with you.
You were bloodless.

You visited 2 branches of the dungeon, and saw 10 of its levels.

You collected 1589 gold pieces.
You spent 551 gold pieces at shops.
You paid 105 gold pieces to Gozag.

Inventory:

Hand Weapons
 a - a +1 dagger (weapon)
Armour
 b - a +0 robe
 g - a +0 pair of boots (worn)
 k - a +0 helmet
 v - a +2 pair of gloves (worn)
 w - a +2 robe of fire resistance
 z - a +2 hat (worn)
 C - the +0 robe of the Butterfly (worn) {Str+4 Int+2 Stlth+}
   (You found it on level 7 of the Dungeon)

   It affects your strength (+4).
   It affects your intelligence (+2).
   It makes you more stealthy.
Jewellery
 t - a +4 ring of intelligence (right hand)
 A - the ring of Ovvuomaotz (left hand) {*Contam rElec rN+ Int+4 Stlth+}
   (You bought it in a shop on level 4 of the Dungeon)

   [ring of intelligence]

   It affects your intelligence (+4).
   It insulates you from electricity.
   It protects you from negative energy.
   It causes magical contamination when unequipped.
   It makes you more stealthy.
 B - a +4 ring of intelligence
Wands
 E - a wand of acid (14)
Scrolls
 e - 5 scrolls of identify {unknown}
 h - 3 scrolls of fog {unknown}
 j - 6 scrolls of remove curse {unknown}
 l - 6 scrolls of immolation {unknown}
 n - 4 scrolls of enchant weapon {unknown}
 p - a scroll of random uselessness {unknown}
 r - a scroll of magic mapping {unknown}
 u - 2 scrolls of blinking {unknown}
 x - a scroll of fear {unknown}
 y - a scroll of teleportation {unknown}
 D - a scroll of enchant armour {unknown}
Potions
 c - 4 potions of might
 d - 2 potions of lignification {unknown}
 f - a potion of invisibility {unknown}
 i - a potion of ambrosia {unknown}
 m - a potion of degeneration {unknown}
 o - 2 potions of curing {unknown}
 q - 3 potions of heal wounds {unknown}
 s - a potion of mutation {unknown}


   Skills:
 + Level 7.1 Short Blades
 + Level 7.3 Dodging
 - Level 10.1 Stealth
 * Level 3.8 Spellcasting
 + Level 12.7 Hexes


You had 7 spell levels left.
You knew the following spells:

 Your Spells              Type           Power        Failure   Level  Hunger
a - Corona                Hex            ######.      1%          1    N/A
b - Tukima's Dance        Hex            ######..     1%          3    N/A
c - Ensorcelled Hibernat  Hex/Ice        #####.       1%          2    N/A
d - Confusing Touch       Hex            ######..     1%          3    N/A

Your spell library contained the following spells:

 Spells                   Type           Power        Failure   Level  Hunger
 Slow                     Hex            ######..     1%          2    N/A
 Dazzling Flash           Conj/Hex       #####.       1%          3    N/A
 Inner Flame              Hex/Fire       #####...     1%          3    N/A
 Portal Projectile        Hex/Tloc       #####.       1%          3    N/A
 Cause Fear               Hex            ######....   1%          4    N/A
 Leda's Liquefaction      Hex/Erth       #####.....   4%          4    N/A

Dungeon Overview and Level Annotations

Branches:
Dungeon (9/15)             Temple (1/1) D:4            Lair (0/6) D:8
    Orc: D:9-12

Altars:
Ashenzari
Cheibriados
Dithmenos
Elyvilon
Fedhas
Gozag
Hepliaklqana
Kikubaaqudgha
Makhleb
Nemelex Xobeh
Okawaru
Qazlal
Ru
Sif Muna
Trog
Uskayaw
Vehumet
Wu Jian
Xom
Yredelemnul
Zin
The Shining One

Shops:
D:4 =%


Innate Abilities, Weirdness & Mutations

You do not eat.
You do not regenerate when monsters are visible.
You are frail without blood (-20% HP).
You can heal yourself when you bite living creatures.
You are immune to poison.
You have razor-sharp teeth.
You have supernaturally acute eyesight. (SInv)
You can survive without breathing.


Message History

The stone arrow misses you.
Casting: Tukima's Dance (safe; 1% risk of failure)
Confirm with . or Enter, or press ? or * to list all spells.
You can't see any susceptible monsters within range! (Use Z to cast anyway.) Unknown command.
Okay, then.
Casting: Tukima's Dance (safe; 1% risk of failure)
Confirm with . or Enter, or press ? or * to list all spells.
Your hands begin to glow red.
Your +0 mace hits the gargoyle.
The gargoyle hits you!!
* * * LOW HITPOINT WARNING * * *
Okay, then.
Okay, then.
It was a potion of might.
You feel very mighty all of a sudden.
Your +0 mace hits the gargoyle.
The gargoyle hurls a stone arrow at you.
The stone arrow hits you!!
You die...
Your body crumbles into a pile of gold.

### ... .... ....####
....>########
#...$.....#
##.........##
#....@(......
#.....9....##
###########..........#
##.............########
..........###..#
##......#.###..#
#......#..##..#
#......##.##..#
##.....)##..#..#


You could see a gargoyle and a friendly +0 mace.

Vanquished Creatures
  A hippogriff (D:8)
  Sigmund (D:2)
  A hungry ghost (D:8)
  Eustachio (D:4)
  2 soldier ants (D:8)
  A black bear (D:7)
  An orc warrior (D:8)
  A phantom (D:7)
  6 ogres
  5 centaurs
  3 bullfrogs
  Blork the orc (D:6)
  A water moccasin zombie (D:8)
  A wyvern zombie (D:6)
  A wyvern skeleton (D:8)
  2 scorpions
  An electric eel (D:7)
  A howler monkey (D:7)
  4 crimson imps
  A bullfrog zombie (D:6)
  3 hounds
  4 orc priests
  A bullfrog skeleton (D:6)
  A centaur skeleton (D:7)
  A jelly (D:8)
  7 worker ants
  An iguana (D:4)
  4 orc wizards
  2 hound zombies
  2 worker ant zombies (D:6)
  5 gnolls
  11 adders
  4 shadow imps
  An ooze (D:6)
  3 adder zombies
  An adder skeleton (D:4)
  A worm (D:8)
  2 dart slugs
  6 leopard geckos
  25 orcs
  8 giant cockroaches
  8 hobgoblins
  9 jackals
  A ball python (D:3)
  A ball python zombie (D:6)
  3 bats (D:1)
  7 frilled lizards
  A giant cockroach zombie (D:6)
  3 goblins
  A jackal zombie (D:6)
  4 kobolds
  3 leopard gecko zombies (D:6)
  A quokka skeleton (D:4)
  3 quokka zombies
  7 rats
181 creatures vanquished.

Vanquished Creatures (collateral kills)
  An orc warrior (D:6)
  A scorpion (D:6)
  A gnoll shaman (D:6)
  2 orc wizards
  5 gnolls
  6 orcs
  A hobgoblin (D:3)
17 creatures vanquished.

Grand Total: 198 creatures vanquished

Notes
Turn   | Place    | Note
-------+----------+-------------------------------------------
     0 | D:1      | Nattfarinn the Vampire Enchanter began the quest for the
                  | Orb.
     0 | D:1      | Reached XP level 1. HP: 13/13 MP: 3/3
   323 | D:1      | Reached XP level 2. HP: 15/15 MP: 5/5
  1087 | D:2      | Reached skill level 5 in Hexes
  1104 | D:2      | Reached XP level 3. HP: 19/19 MP: 6/6
  1350 | D:2      | Noticed Sigmund
  1369 | D:2      | Killed Sigmund
  1369 | D:2      | Reached skill level 5 in Stealth
  1369 | D:2      | Reached skill level 6 in Hexes
  1369 | D:2      | Reached XP level 4. HP: 2/24 MP: 5/7
  1369 | D:2      | Reached XP level 5. HP: 2/28 MP: 5/8
  1719 | D:2      | Learned a level 3 spell: Tukima's Dance
  1722 | D:2      | Learned a level 2 spell: Ensorcelled Hibernation
  2425 | D:3      | Found a glowing silver altar of Zin.
  2544 | D:3      | Reached skill level 7 in Hexes
  2864 | D:4      | Found a staircase to the Ecumenical Temple.
  2871 | Temple   | Entered the Ecumenical Temple
  3083 | Temple   | Became a worshipper of Gozag Ym Sagoz the Greedy
  3116 | D:4      | Reached XP level 6. HP: 32/32 MP: 9/9
  3226 | D:4      | Found Nocog's Food Boutique.
  3227 | D:4      | Noticed Eustachio
  3417 | D:4      | Killed Eustachio
  3956 | D:4      | Reached skill level 8 in Hexes
  3956 | D:4      | Reached XP level 7. HP: 36/36 MP: 10/10
  4231 | D:4      | Found Aqeyshrexa's Jewellery Emporium.
  4737 | D:5      | Entered Level 5 of the Dungeon
  5098 | D:5      | Reached skill level 9 in Hexes
  5264 | D:5      | Learned a level 3 spell: Confusing Touch
  5861 | D:4      | Bought the ring of Ovvuomaotz {*Contam rElec rN+ Int+4
                  | Stlth+} for 551 gold pieces
  6122 | D:6      | Reached skill level 5 in Dodging
  6122 | D:6      | Reached XP level 8. HP: 41/41 MP: 11/11
  6368 | D:6      | Reached skill level 10 in Hexes
  6654 | D:6      | Reached skill level 5 in Short Blades
  7081 | D:6      | Noticed Blork the orc
  7085 | D:6      | Killed Blork the orc
  7570 | D:6      | Reached skill level 11 in Hexes
  7776 | D:7      | Reached XP level 9. HP: 45/45 MP: 9/12
  8238 | D:7      | Reached skill level 12 in Hexes
  8279 | D:7      | Got a bloodstained robe
  8290 | D:7      | Identified the +0 robe of the Butterfly {Str+4 Int+2
                  | Stlth+} (You found it on level 7 of the Dungeon)
  8389 | D:7      | Reached skill level 10 in Stealth
  8634 | D:8      | Found a staircase to the Lair.
  9406 | D:9      | Reached XP level 10. HP: 50/50 MP: 12/15
  9425 | D:9      | Noticed a gargoyle
  9438 | D:9      | Killed from afar by a gargoyle

Levels and vault maps discovered:
D:1:      lemuel_arrival_behind_the_door_small, layout_basic
D:2:      layout_basic, uniq_sigmund
D:3:      layout_rooms, zin_statuary, first_ration, serial_glass,
          glass_columns_a, glass_columns_a, glass_columns_a, glass_columns_a
D:4:      layout_cave_pools, minmay_temple_entry_statues_fountains,
          serial_shops, kennysheep_mini, shop_coins, minmay_quadrilaterals,
          uniq_eustachio
D:5:      layout_rooms
D:6:      layout_basic, serial_undead, serial_undead_d, serial_undead_e,
          serial_undead_a, serial_undead_f, serial_undead_c, serial_undead_d,
          grunt_ministairs_8, uniq_blork_the_orc
D:7:      layout_basic, serial_bayou_ford_a
D:8:      layout_basic, dpeg_oklobed_lair, hangedman_pestilent_swarm
D:9:      layout_basic, minmay_misc_feat_rugged, okawaru_metal_pillars_1_2
Temple:   roderic_octagonal_lattice_temple

Skill      XL: |  1  2  3  4  5  6  7  8  9 |
---------------+----------------------------+-----
Hexes          | 5 6 7 8 9 11 12 | 12.7
Short Blades   | 2 3 4 5 7 |  7.1
Dodging        | 3 4 5 6 7 |  7.3
Stealth        | 5 6 7 9 10 | 10.1
Spellcasting   | 3 |  3.8

Action                   |  1- 3 |  4- 6 |  7- 9 | 10-12 || total
-------------------------+-------+-------+-------+-------++-------
Melee: Dagger            |    65 |   132 |   357 |     2 ||   556
       Bite              |     6 |    10 |    31 |     1 ||    48
 Cast: Corona            |     1 |       |       |       ||     1
       Ensorcelled Hiber |       |    20 |    56 |       ||    76
       Tukima's Dance    |       |     5 |    19 |     3 ||    27
       Confusing Touch   |       |       |    14 |     1 ||    15
 Abil: Exsanguinate      |     1 |       |       |       ||     1
  Use: Potion            |       |       |       |     1 ||     1
 Stab: Sleeping          |    13 |    22 |    88 |     1 ||   124
       Distracted        |       |     1 |       |       ||     1
       Confused          |       |       |    14 |       ||    14
Armor: Robe              |     8 |    32 |    69 |       ||   109
Dodge: Dodged            |    30 |   109 |   187 |     2 ||   328

Table legend:
 A = Non-vault XP
 B = Vault XP
 C = Vault XP percentage of total XP
 D = Non-vault monster count
 E = Vault monster count
 F = Vault count percentage of total count
                 A         B        C        D         E       F
            +---------+---------+-------+---------+---------+-------
      Total |    4396 |    1149 |  20.7 |     172 |      26 |  13.1
            +---------+---------+-------+---------+---------+-------
        D:1 |      24 |       0 |   0.0 |      17 |       0 |   0.0
        D:2 |      54 |     238 |  81.5 |      11 |       1 |   8.3
        D:3 |      72 |       0 |   0.0 |      20 |       0 |   0.0
        D:4 |     414 |     273 |  39.7 |      26 |       5 |  16.1
        D:5 |     232 |       0 |   0.0 |       8 |       0 |   0.0
        D:6 |     919 |     289 |  23.9 |      28 |      16 |  36.4
        D:7 |    1347 |       0 |   0.0 |      32 |       0 |   0.0
        D:8 |    1084 |     349 |  24.4 |      25 |       4 |  13.8
        D:9 |     250 |       0 |   0.0 |       5 |       0 |   0.0
            +---------+---------+-------+---------+---------+-------
